 Dungeon Crawl Stone Soup version 0.20.1-1-g8b1a95d (webtiles) character file.

59 Jannitor the Vexing (level 3, 0/24 HPs)
             Began as a Demonspawn Enchanter on Sept 4, 2017.
             Slain by an adder (2 damage)
             ... on level 2 of the Dungeon.
             The game lasted 00:04:49 (3856 turns).

Jannitor the Vexing (Demonspawn Enchanter)          Turns: 3856, Time: 00:04:50

Health: 0/24       AC:  3    Str:  8    XL:     3   Next: 78%
Magic:  1/6        EV: 12    Int: 17    God:
Gold:   33         SH:  0    Dex: 13    Spells: 3/6 levels left

rFire    . . .     SeeInvis .   a - +1 dagger
rCold    . . .     Gourm    .   (no shield)
rNeg     . . .     Faith    .   b - +0 robe
rPois    .         Spirit   .   (no helmet)
rElec    .         Reflect  .   (no cloak)
rCorr    .         Harm     .   j - +0 pair of gloves
MR       .....                  (no boots)
Stlth    ++........             (no amulet)
Regen    0.1/turn               (no ring)
MPRegen  0.1/turn               (no ring)

@: no status effects
A: powered by pain 1
a: no special abilities


You were on level 2 of the Dungeon.
You were very hungry.

You visited 1 branch of the dungeon, and saw 2 of its levels.

You collected 33 gold pieces.

Inventory:

Hand Weapons
 a - a +1 dagger (weapon)
Missiles
 f - 2 throwing nets (quivered)
Armour
 b - a +0 robe (worn)
 j - a +0 pair of gloves (worn)
Jewellery
 e - an uncursed ring of magical power {unknown}
Scrolls
 d - a scroll of blinking {unknown}
 g - a scroll of recharging {unknown}
 h - 2 scrolls of identify {unknown}
 k - a scroll of enchant weapon {unknown}
Books
 c - a book of Maledictions

   Spells                             Type                      Level
   a - Corona                         Hexes                        1
   b - Ensorcelled Hibernation        Hexes/Ice                    2
   c - Confuse                        Hexes                        3
   d - Tukima's Dance                 Hexes                        3
   e - Dazzling Spray                 Conjuration/Hexes            3
Comestibles
 l - 2 meat rations
 m - 2 bread rations


   Skills:
 + Level 2.0 Short Blades
 - Level 1.7 Dodging
 + Level 3.4 Stealth
 - Level 2.0 Spellcasting
 + Level 3.7 Hexes


You had 3 spell levels left.
You knew the following spells:

 Your Spells              Type           Power        Failure   Level  Hunger
a - Corona                Hex            ##.....      4%          1    #......
b - Ensorcelled Hibernat  Hex/Ice        #.....       14%         2    ###....


Dungeon Overview and Level Annotations

Branches:
Dungeon (2/15)

Altars:
Trog


Innate Abilities, Weirdness & Mutations

You sometimes gain a little power by taking damage.


Message History

* * * LOW HITPOINT WARNING * * *
The adder bites you.
* * * LOW HITPOINT WARNING * * *
The rat bites you.
* * * LOW HITPOINT WARNING * * *
The frilled lizard barely misses you. The rat bites you but does no damage.
Found 11 gold pieces.
The adder barely misses you. The rat bites you.
* * * LOW HITPOINT WARNING * * *
It was a potion of cancellation.
You feel magically purged. The adder completely misses you.
Unknown command.
Casting: Ensorcelled Hibernation
Confirm with . or Enter, or press ? or * to list all spells.
Aiming: Ensorcelled Hibernation
Press: ? - help, Shift-Dir - straight line, f - adder
Aim: an adder (chance to defeat MR: 48%)
The adder resists with some effort.
The adder closely misses you. The adder bites you.
You die...

##. ##(≈ggg###[# .$
##.lg##.#.# #.
######..#[#
#.#####.#.#.###.#
#####......g......#.#
............#.#.#.#.#
####...r...#.# #(#
###.###.#.# #.#
#lS@..#.# #.#
#######g# #.# #.# #.#
#.# #.# #.# #g# #.#
#.# #.# #.# #.#####(#
#.(..(g.#


You could see an adder and a frilled lizard.

Vanquished Creatures
  A worm (D:2)
  A dart slug (D:1)
  3 leopard geckos
  A ball python (D:1)
  A giant cockroach (D:2)
  8 goblins
  9 hobgoblins
  3 jackals (D:1)
  6 kobolds
  5 bats
  5 frilled lizards
  3 rats
46 creatures vanquished.

Notes
Turn   | Place    | Note
-------+----------+-------------------------------------------
     0 | D:1      | Jannitor the Demonspawn Enchanter began the quest for the Orb.
     0 | D:1      | Reached XP level 1. HP: 13/13 MP: 3/3
   518 | D:1      | Reached skill level 1 in Short Blades
   957 | D:1      | Gained mutation: You sometimes gain a little power by taking damage. [demonic ancestry]
   957 | D:1      | Reached XP level 2. HP: 19/19 MP: 3/5
  1330 | D:1      | Learned a level 2 spell: Ensorcelled Hibernation
  2203 | D:1      | Reached XP level 3. HP: 16/24 MP: 4/6
  3726 | D:2      | Found a bloodstained altar of Trog.
  3856 | D:2      | Slain by an adder

Skill      XL: |  1  2  3 |
---------------+----------+-----
Short Blades   | 1 2 |  2.0
Stealth        | 3 |  3.4
Dodging        | |  1.7
Spellcasting   | |  2.0
Hexes          | |  3.7

Action                   || total
-------------------------++-------
Melee: Dagger            ||   225
Throw: Throwing net      ||     1
 Cast: Corona            ||    21
       Ensorcelled Hiber ||    12
  Use: Potion            ||     2
 Stab: Held in net/web   ||     1
       Sleeping          ||     9
       Invisible         ||     1
  Eat: Bread ration      ||     1
       Chunk             ||     5
Armor: Robe              ||    43
Dodge: Dodged            ||   167
